 Dungeon Sprint DCSS version 0.16.1-28-gcc2312f (webtiles) character file.

355 Kidiri the Magician (level 6, -12/43 HPs)
             Began as a High Elf Fire Elementalist on May 28, 2015.
             Was an Elder of Vehumet.
             Mangled by a snapping turtle (25 damage)
             ... in the Dungeon (Sprint VII: "The Pits").
             The game lasted 00:10:18 (722 turns).

Kidiri the Magician (High Elf Fire Elementalist)     Turns: 722, Time: 00:10:18

Health: -12/43     AC:  2    Str:  7    XL:     6   Next: 36%
Magic:  3/21       EV: 15    Int: 22    God:    Vehumet [****..]
Gold:   0          SH:  0    Dex: 15    Spells: 6 memorised, 0 levels left

rFire  . . .     SeeInvis .     q - staff of energy
rCold  . . .     Clarity  .     a - +0 robe
rNeg   . . .     SustAb   .     (no shield)
rPois  .         Gourm    .     (no helmet)
rElec  .         Spirit   .     (no cloak)
rCorr  .         Warding  .     (no gloves)
rMut   .         NoTele   +     (no boots)
MR     .....                    (no amulet)
Stlth  +++.......               (no ring)
                                (no ring)

@: not resistant to hostile enchantments, fairly stealthy
A: no striking features
a: Renounce Religion


You were in the Dungeon.
You worshipped Vehumet.
Vehumet was greatly pleased with you.
You were not hungry.

You visited 1 branch

Inventory:

Hand weapons
 f - a +0 long sword of flaming
 k - a +2 falchion
Armour
 a - a +0 robe (worn)
Magical staves
 q - an uncursed staff of energy (weapon)
Scrolls
 n - 3 scrolls of remove curse
 o - 5 scrolls of amnesia
Potions
 d - 6 potions of curing
 e - 6 potions of heal wounds
 g - 3 potions of magic
 h - 3 potions of berserk rage
 m - 2 potions of invisibility
Books
 b - a book of Flames

   Spells                             Type                      Level
   a - Flame Tongue                   Conjuration/Fire             1
   b - Throw Flame                    Conjuration/Fire             2
   c - Conjure Flame                  Conjuration/Fire             3
   d - Inner Flame                    Hexes/Fire                   3
   e - Sticky Flame                   Conjuration/Fire             4
   f - Fireball                       Conjuration/Fire             5
Comestibles
 c - 8 bread rations
 j - 40 fruits
 l - 7 meat rations


   Skills:
 + Level 4.0 Fighting
 + Level 3.8 Staves
 + Level 5.2 Dodging
 + Level 5.5 Stealth
 * Level 6.9 Spellcasting
 * Level 6.5 Conjurations
 + Level 1.9 Hexes
 * Level 6.7 Fire Magic


You couldn't memorise any spells.
You knew the following spells:

 Your Spells              Type           Power        Failure   Level  Hunger
a - Flame Tongue          Conj/Fire      #####        1%          1    None
b - Throw Flame           Conj/Fire      #####.       1%          2    None
c - Conjure Flame         Conj/Fire      #####...     1%          3    None
d - Inner Flame           Hex/Fire       ####....     1%          3    None
e - Sticky Flame          Conj/Fire      #####...     2%          4    None
f - Fireball              Conj/Fire      #####.....   4%          5    None


Dungeon Overview and Level Annotations

Branches:
Dungeon (1/1)

Altars:
Ashenzari
Cheibriados
Dithmenos
Elyvilon
Fedhas
Gozag
Kikubaaqudgha
Makhleb
Nemelex Xobeh
Okawaru
Qazlal
Ru
Sif Muna
Trog
Vehumet
Xom
Yredelemnul
Zin
The Shining One
Beogh
Jiyva
Lugonu


Message History

The fire roars!
The snapping turtle is engulfed in roaring flames.
The snapping turtle bites you!
* * * LOW HITPOINT WARNING * * *
Casting: Conjure Flame
Confirm with . or Enter, or press ? or * to list all spells.
Aiming: Sticky Flame
Press: ? - help, Shift-Dir - straight line, f - snapping turtle
Aim: a snapping turtle (flame, heavily wounded)
The sticky flame hits the snapping turtle.
The snapping turtle is heavily wounded.
The snapping turtle is covered in liquid flames!
The snapping turtle burns!
The snapping turtle barely misses you.
Read which item? (? for menu, Esc to quit)
Okay, then.
The snapping turtle burns!
The snapping turtle is engulfed in roaring flames.
The snapping turtle bites you from afar!!
Ouch! That really hurt!
You die...

#...........'.....
#'#####'#####.....
#.#...#.#..##.....
#.#...#.#))#####'#
#.#...'.#.)##.....
#.##÷####))##.....
#.#.....#[[##.....
#.#.....#'###...<.
#@#........##.....
#.#........##.....
#t###########.....
#.......# ######
#...#...#
#...#...#
#.##.##.#+#
#...#...#.+
#...#...#§#


You could see a snapping turtle (burning).

Vanquished Creatures
  A sky beast (D)
  2 brain worms (D)
  2 iguanas (D)
  An iron imp (D)
  2 adders (D)
  A river rat (D)
  A worm (D)
  A giant eyeball (D)
  An ufetubus (D)
  An ooze (D)
  A quokka (D)
  A ball python (D)
  A jackal skeleton (D)
16 creatures vanquished.

Vanquished Creatures (others)
  A small abomination (D)
1 creature vanquished.

Grand Total: 17 creatures vanquished

Notes
Turn   | Place    | Note
--------------------------------------------------------------
     0 | D        | Kidiri, the High Elf Fire Elementalist, began the quest for the Orb.
     0 | D        | Reached XP level 1. HP: 11/11 MP: 4/4
    28 | D        | Found a sacrificial altar of Ru.
    28 | D        | Found a basalt altar of Yredelemnul.
    28 | D        | Found a shadowy altar of Dithmenos.
    28 | D        | Found a deep blue altar of Sif Muna.
    28 | D        | Found a burning altar of Makhleb.
    28 | D        | Found a shimmering altar of Xom.
    28 | D        | Found an ancient bone altar of Kikubaaqudgha.
    28 | D        | Found a sparkling altar of Nemelex Xobeh.
    29 | D        | Found a glowing golden altar of the Shining One.
    29 | D        | Found a bloodstained altar of Trog.
    29 | D        | Found a shattered altar of Ashenzari.
    29 | D        | Found a white marble altar of Elyvilon.
    29 | D        | Found a snail-covered altar of Cheibriados.
    29 | D        | Found a blossoming altar of Fedhas.
    29 | D        | Found a radiant altar of Vehumet.
    29 | D        | Found a glowing silver altar of Zin.
    29 | D        | Found a corrupted altar of Lugonu.
    29 | D        | Found a viscous altar of Jiyva.
    29 | D        | Found a roughly hewn altar of Beogh.
    29 | D        | Found an iron altar of Okawaru.
    35 | D        | Found a stormy altar of Qazlal.
    36 | D        | Found an opulent altar of Gozag.
    39 | D        | Became a worshipper of Vehumet
   113 | D        | Reached skill level 1 in Fighting
   113 | D        | Reached XP level 2. HP: 16/18 MP: 5/7
   146 | D        | Learned a level 2 spell: Throw Flame
   147 | D        | Acquired Vehumet's first power
   147 | D        | Offered knowledge of Freeze by Vehumet.
   153 | D        | Reached skill level 1 in Staves
   153 | D        | Reached skill level 4 in Fire Magic
   208 | D        | Noticed a brain worm
   211 | D        | Reached XP level 3. HP: 19/23 MP: 7/10
   222 | D        | Learned a level 3 spell: Conjure Flame
   226 | D        | Learned a level 3 spell: Inner Flame
   241 | D        | Killed a brain worm
   241 | D        | Reached skill level 5 in Fire Magic
   241 | D        | Reached XP level 4. HP: 25/30 MP: 3/15
   242 | D        | Noticed a brain worm
   242 | D        | Noticed an iguana
   264 | D        | Killed an iguana
   264 | D        | Killed a brain worm
   264 | D        | Reached skill level 5 in Spellcasting
   264 | D        | Reached skill level 5 in Conjurations
   264 | D        | Reached XP level 5. HP: 30/36 MP: 6/18
   264 | D        | Reached skill level 6 in Spellcasting
   270 | D        | Learned a level 4 spell: Sticky Flame
   377 | D        | Noticed an iguana
   385 | D        | Killed an iguana
   385 | D        | Offered knowledge of Magic Dart by Vehumet.
   385 | D        | Acquired Vehumet's second power
   387 | D        | Noticed a sky beast
   392 | D        | Killed a sky beast
   392 | D        | Reached skill level 5 in Dodging
   392 | D        | Reached skill level 5 in Stealth
   392 | D        | Reached skill level 1 in Hexes
   392 | D        | Reached XP level 6. HP: 41/43 MP: 1/21
   399 | D        | Learned a level 5 spell: Fireball
   412 | D        | Paralysed by a giant eyeball for 4 turns
   417 | D        | Acquired Vehumet's third power
   535 | D        | Noticed an iron imp
   612 | D        | Killed an iron imp
   612 | D        | Offered knowledge of Stone Arrow by Vehumet.
   699 | D        | Noticed a snapping turtle
   722 | D        | Mangled by a snapping turtle

Action                   |  1- 3 |  4- 6 || total
-------------------------+-------+-------++-------
Melee: Staff             |     1 |       ||     1
       Falchion          |       |     4 ||     4
 Cast: Flame Tongue      |    11 |     9 ||    20
       Throw Flame       |     4 |    13 ||    17
       Inner Flame       |       |     3 ||     3
       Conjure Flame     |       |     5 ||     5
       Sticky Flame      |       |     2 ||     2
       Fireball          |       |     1 ||     1
  Use: Potion            |       |     2 ||     2
       Scroll            |       |     2 ||     2
